 Dungeon Crawl Stone Soup version 0.28-a0-1344-g6b9ff3a05d (webtiles) character file.

Game seed: 8664954019671523414

587 Deminshera the Poker (level 7, 0/49 HPs)
             Began as a Merfolk Gladiator on Dec 29, 2021.
             Slain by Duvessa (12 damage)
             ... on level 4 of the Dungeon.
             The game lasted 00:06:41 (5947 turns).

Deminshera the Poker (Merfolk Gladiator)            Turns: 5947, Time: 00:06:41

Health: 0/49       AC:  4    Str: 17    XL:     7   Next: 38%
Magic:  7/7        EV: 14    Int:  7    God:
Gold:   144        SH:  5    Dex: 15    Spells: 6/6 levels left

rFire   . . .      SeeInvis .   a - +0 trident
rCold   . . .      Faith    .   h - +0 buckler
rNeg    . . .      Spirit   .   b - +0 leather armour
rPois   +          Reflect  .   k - +0 helmet
rElec   .          Harm     .   (no cloak)
rCorr   .          Rampage  .   (no gloves)
Will    .....                   (no boots)
Stlth   ++........              (no amulet)
HPRegen 0.16/turn               f - ring of poison resistance
MPRegen 0.10/turn               (no ring)

@: no status effects
A: (nimble swimmer 2), mertail, frail 1, high mp 1, screaming 1, no potion heal
1
a: no special abilities


You were on level 4 of the Dungeon.
You visited 1 branch of the dungeon, and saw 4 of its levels.

You collected 144 gold pieces.

Inventory:

Hand Weapons
 a - a +0 trident (weapon)
Armour
 b - a +0 leather armour (worn)
 h - a +0 buckler (worn)
 k - a +0 helmet (worn)
Jewellery
 f - a ring of poison resistance (left hand)
 l - a +6 ring of intelligence
Scrolls
 e - 3 scrolls of identify {unknown}
 g - 3 scrolls of teleportation {unknown}
 i - a scroll of blinking {unknown}
 j - a scroll of holy word {unknown}
 m - 2 scrolls of fear {unknown}
 o - 2 scrolls of immolation {unknown}
Potions
 c - a potion of berserk rage {unknown}
 d - a potion of lignification {unknown}
 n - a potion of curing
 p - 2 potions of cancellation {unknown}


   Skills:
 * Level 4.3 Fighting
 + Level 7.1 Polearms
 - Level 2.0 Throwing
 - Level 5.1 Dodging
 - Level 3.0 Stealth
 - Level 4.0 Shields


You had 6 spell levels left.
You didn't know any spells.
Your spell library contained the following spells:

 Spells                   Type           Power      Damage    Failure   Level
 Shock                    Conj/Air       0%         1d3       50%         1
 Call Canine Familiar     Summ           0%         N/A       86%         3
 Gell's Gravitas          Tloc           0%         N/A       86%         3
 Lesser Beckoning         Tloc           0%         N/A       86%         3
 Portal Projectile        Hex/Tloc       0%         N/A       86%         3
 Swiftness                Air            0%         N/A       86%         3
 Teleport Other           Tloc           0%         N/A       86%         3
 Airstrike                Air            0%         N/A       99%         4
 Leda's Liquefaction      Hex/Erth       0%         N/A       99%         4


Dungeon Overview and Level Annotations

Branches:
Dungeon (4/15)
 Temple: D:4-7

Altars:
Nemelex Xobeh

Annotations:
D:4 Dowan, Duvessa


Innate Abilities, Weirdness & Mutations

((You are very nimble when in or above water. (Stealth+, EV+, Speed+++)))
Your lower body shifts to a powerful aquatic tail in water.
You are frail. (-10% HP)
You have an increased reservoir of magic. (+10% MP)
You occasionally shout uncontrollably at your foes.
Potions are less effective at restoring your health.


Message History

You yell at the adder!
The adder hisses angrily.
An adder is nearby!
An adder is nearby!
An adder is nearby!
You hit the adder.
The adder is moderately wounded.
You block the adder's attack.
You puncture the adder!
You kill the adder!
No target in view!
Duvessa and Dowan come into view.
There are monsters nearby!
There are monsters nearby!
Duvessa shouts!
Dowan shouts!
Duvessa shouts, "You can run, but you cannot escape us forever!"
Dowan gestures at Duvessa while chanting.
Duvessa seems to speed up.
Duvessa closely misses you.
Duvessa says, "When magic and the sword combine, nothing stands against them."
You block Duvessa's attack.
Duvessa gestures with her weapon.
Duvessa hits you with a +0 rapier! Dowan casts a spell at you.
The puff of frost hits you.
Duvessa gestures with her weapon.
Duvessa hits you but does no damage. Duvessa closely misses you.
Duvessa barely misses you.
There is a stone staircase leading down here.
Duvessa says, "When magic and the sword combine, nothing stands against them."
Duvessa hits you with a +0 rapier! Duvessa completely misses you.
Dowan gestures wildly while chanting.
Dowan blinks!
Duvessa hits you with a +0 rapier! Duvessa hits you with a +0 rapier.
* * * LOW HITPOINT WARNING * * *
Duvessa hits you with a +0 rapier!
You die...

.....# ##..........#####.. .....#
##...........# ##.. .....#
#............# ##... ....##
#............# #.... ..?## ###
#............###.... ..## ###.##
#............##..... .## ###....#
##...........##..... ## ##......#
#...........##.....
##..>....####.@.........#......
##.........##.e......#...#......
##..........##.#......#...#......
#...........#.>##....##...#......
.........e.e..#####..##..........
.......>.....## #####..........
............)# #..(.......
............## ##..........
............# ##...........


You could see Duvessa (fast) and Dowan.

Vanquished Creatures
  Grinder (D:3)
  A black bear (D:1)
  Pargi (D:3)
  Ijyb (D:3)
  A hound skeleton (D:4)
  Robin (D:2)
  4 gnolls (D:2)
  5 adders
  An adder skeleton (D:4)
  A worm (D:2)
  An orc (D:3)
  2 bats (D:3)
  An endoplasm (D:1)
  3 giant cockroaches
  8 hobgoblins
  7 jackals
  2 quokkas (D:1)
  8 ball pythons (D:1)
  5 frilled lizards
  21 goblins
  2 kobolds (D:1)
  2 rats (D:1)
79 creatures vanquished.

Notes
Turn   | Place    | Note
-------+----------+-------------------------------------------
     0 | D:1      | Deminshera the Merfolk Gladiator began the quest for the
                  | Orb.
     0 | D:1      | Reached XP level 1. HP: 16/16 MP: 1/1
    85 | D:1      | Reached skill level 1 in Stealth
   320 | D:1      | Reached XP level 2. HP: 17/22 MP: 2/2
  1031 | D:1      | Reached XP level 3. HP: 23/27 MP: 3/3
  1368 | D:2      | Reached skill level 5 in Polearms
  1672 | D:2      | Reached XP level 4. HP: 34/34 MP: 4/4
  2144 | D:2      | Noticed Robin
  2166 | D:2      | Killed Robin
  2281 | D:2      | Noticed a black bear
  2298 | D:2      | Gained mutation: Potions are less effective at restoring
                  | your health. [potion of mutation]
  2298 | D:2      | Gained mutation: You are frail. (-10% HP) [potion of
                  | mutation]
  2298 | D:2      | Gained mutation: You occasionally shout uncontrollably at
                  | your foes. [potion of mutation]
  2298 | D:2      | Gained mutation: You have an increased reservoir of magic.
                  | (+10% MP) [potion of mutation]
  2302 | D:2      | HP: 1/29 [black bear (4)]
  2944 | D:1      | Reached XP level 5. HP: 20/35 MP: 5/5
  2951 | D:1      | Killed a black bear
  2952 | D:1      | Reached skill level 6 in Polearms
  2952 | D:1      | Reached skill level 5 in Dodging
  3879 | D:3      | Noticed Ijyb
  3911 | D:3      | Killed Ijyb
  3912 | D:3      | Reached skill level 1 in Shields
  3912 | D:3      | Reached XP level 6. HP: 11/42 MP: 6/6
  4311 | D:3      | Found a faded altar of an unknown god.
  4569 | D:3      | Noticed Grinder
  4574 | D:3      | Paralysed by Grinder for 6 turns
  4596 | D:3      | Paralysed by Grinder for 4 turns
  4603 | D:3      | Paralysed by Grinder for 5 turns
  4613 | D:3      | Killed Grinder
  4614 | D:3      | Reached XP level 7. HP: 9/46 MP: 7/7
  5119 | D:3      | Noticed Pargi
  5132 | D:3      | Killed Pargi
  5399 | D:4      | Reached skill level 7 in Polearms
  5536 | D:4      | Found a sparkling altar of Nemelex Xobeh.
  5913 | D:4      | Noticed Duvessa
  5913 | D:4      | Noticed Dowan
  5947 | D:4      | Slain by Duvessa

Illustrated notes

Levels and vault maps discovered:
D:1:      tarquinn_simple_flora_water_b, layout_rooms
D:2:      layout_basic, uniq_robin
D:3:      kennysheep_goblin_castle, layout_basic,
          hellmonk_ecumenical_altar_zigzags, uniq_pargi,
          uniq_crazy_yiuf_cottage, uniq_grinder
D:4:      layout_cave_pods, nemelex_spade_bored_becter, uniq_duvessa, uniq_ijyb

Skill      XL: |  1  2  3  4  5  6  7 |
---------------+----------------------+-----
Stealth        | 1 3 |  3.0
Polearms       | 5 6 7 |  7.1
Fighting       | 3 4 |  4.3
Dodging        | 5 |  5.1
Shields        | 1 4 |  4.0
Throwing       | |  2.0

Action                   |  1- 3 |  4- 6 |  7- 9 || total
-------------------------+-------+-------+-------++-------
Melee: Trident           |   101 |   117 |    48 ||   266
       Unarmed           |       |    15 |       ||    15
Throw: Throwing net      |     1 |     3 |       ||     4
  Use: Potion            |       |     4 |       ||     4
 Stab: Sleeping          |     2 |     2 |       ||     4
       Held in net/web   |     2 |       |       ||     2
Armor: Leather armour    |    14 |    26 |    10 ||    50
       Skin              |       |     4 |       ||     4
Dodge: Dodged            |    46 |    89 |    34 ||   169
Block: Buckler           |       |     4 |    14 ||    18

Table legend: (Time is in decaauts)
 A = Elapsed time spent in this place.
 B = Non-inter-level travel time spent in this place.
 C = Inter-level travel time spent in this place.
 D = Time resting spent in this place.
 E = Time spent auto-exploring this place.
 F = Levels seen in this place.
 G = Mean time per level.
                   A        B        C        D        E       F      G
               +--------+--------+--------+--------+--------+-----+--------+
         Total |   5928 |   5869 |     59 |   2156 |   3006 |   4 | 1482.0 |
       Dungeon |   5928 |   5869 |     59 |   2156 |   3006 |   4 | 1482.0 |
               +--------+--------+--------+--------+--------+-----+--------+

Top non-repeatable levels by time:
     D:1: 2440 daAuts
     D:3: 1545 daAuts
     D:2: 1322 daAuts
     D:4: 620 daAuts
